AoeStats
← Vaticano

Arena

510147863Analyzed
4v4 RM · 4d ago on Sep 29, 2026· 41m 44s· 8 players
Game mode
Random Map
Map size
Large (8 player)
Population
200
Speed
Normal
Resources
Standard
Victory
Conquest
Starting age
Dark Age
Ending age
Imperial Age
RankedLock teamsTeams togetherTeam positionsShared explorationLock speedFull tech treeHidden civsTurbo modeCheats
Victory
Defeat
🇹🇷 Huns · Türkiye
692
+9
🇹🇷 Britons · Türkiye
660
+10
🇺🇸 Franks · United States
658
+10
🇺🇸 Goths · United States
410
+21
🇨🇦 Byzantines · Canada
548
-13
🇵🇪 Maya · Peru
532
-13
🇩🇪 Teutons · Germany
523
-12
🇧🇷 Teutons · Brazil
506
-12
chatonbrutal
Vaticano
pavelinhos
xorpad
15:52 Feudal Age
16:15 Horse Collar
16:54 Man-at-Arms
23:17 Castle Age
22:02 Forging
23:25 Long Swordsman
23:51 Gambesons
26:47 Scale Mail Armor
30:13 Double-Bit Axe
34:18 Fortified Wall
34:30 Gold Mining
35:51 Chain Mail Armor
jd.bu.beard
14:01 Feudal Age
19:14 Castle Age
17:52 Scale Barding Armor
18:11 Forging
30:38 Imperial Age
32:37 Cavalier
Ambwind
1:04 Loom
12:24 Feudal Age
13:44 Man-at-Arms
15:44 Town Watch
19:22 Double-Bit Axe
20:22 Wheelbarrow
25:33 Castle Age
23:39 Scale Mail Armor
28:21 Long Swordsman
29:35 Squires
32:30 Bow Saw
41:32 Hand Cart
41:17 Town Patrol
Çandarlı-Fisiyin- Pasa
0:46 Loom
10:15 Feudal Age
10:44 Town Watch
11:17 Horse Collar
11:42 Double-Bit Axe
14:20 Wheelbarrow
22:18 Castle Age
20:28 Gold Mining
20:29 Stone Mining
21:00 Arson
23:53 Heavy Plow
24:12 Bow Saw
25:33 Gold Shaft Mining
25:22 Town Patrol
26:55 Town Patrol
27:32 Squires
26:55 Elite Skirmisher
27:59 Masonry
28:35 Treadmill Crane
29:52 Hand Cart
30:33 Heated Shot
31:04 Ballistics
30:58 Caravan
31:42 Scale Mail Armor
31:53 Forging
31:38 Pikeman
32:26 Husbandry
38:50 Imperial Age
37:37 Yeomen
37:56 Padded Archer Armor
39:06 Fortified Wall
38:53 Murder Holes
38:49 Guard Tower
39:21 Chain Mail Armor
39:22 Scale Barding Armor
39:50 Warwolf
39:11 Elite Longbowman
40:27 Hoardings
39:23 Sappers
40:23 Conscription
acetiner
0:32 Loom
11:33 Feudal Age
11:55 Horse Collar
12:04 Double-Bit Axe
19:33 Gold Mining
19:35 Stone Mining
21:53 Forging
21:49 Scale Barding Armor
21:35 Fletching
21:46 Scale Mail Armor
27:00 Castle Age
26:50 Man-at-Arms
27:16 Arson
27:44 Bloodlines
28:26 Gold Shaft Mining
28:04 Bow Saw
27:57 Heavy Plow
28:37 Iron Casting
28:55 Caravan
29:24 Squires
28:50 Elite Skirmisher
30:38 Chain Barding Armor
33:32 Marauders
33:42 Husbandry
33:04 Long Swordsman
33:05 Pikeman
34:50 Wheelbarrow
34:38 Masonry
34:23 Murder Holes
34:49 Ballistics
35:46 Hand Cart
39:23 Imperial Age
37:44 Chain Mail Armor
37:24 Bodkin Arrow
37:30 Padded Archer Armor
38:03 Coinage
37:25 Crossbowman
38:11 Thumb Ring
37:34 Light Cavalry
39:30 Elite Tarkan
40:31 Conscription
41:14 Chemistry
39:37 Two-Handed Swordsman
39:38 Halberdier
41:33 Two-Man Saw
40:51 Guilds
41:00 Leather Archer Armor
41:50 Banking
41:59 Parthian Tactics
41:07 Sappers
42:08 Town Watch
Connection lost

Rejoining the realm…

Still unreachable

The connection could not be restored.

Session expired

The server has moved on; the page needs a fresh start.